 Dungeon Crawl Stone Soup version 0.22-a0-879-g615c57abe7 (webtiles) character file.

32 Chiseanne the Charlatan (level 3, -8/42 HPs)
             Began as a Demonspawn Wanderer on July 30, 2018.
             Killed from afar by Terence (12 damage)
             ... with a wand of flame (16)
             ... on level 2 of the Dungeon.
             The game lasted 00:03:52 (1792 turns).

Chiseanne the Charlatan (Demonspawn Wanderer)       Turns: 1792, Time: 00:03:52

Health: -8/42      AC: 21    Str:  6 (9)  XL:     3   Next: 10%
Magic:  4/4        EV:  2    Int:  8 (11) God:
Gold:   98         SH:  0    Dex: 16 (18) Spells: 2/2 levels left

rFire    . . .     SeeInvis .   n - +1 short sword
rCold    . . .     Gourm    .   (no shield)
rNeg     + + +     Faith    .   (armour currently unavailable)
rPois    +         Spirit   .   (helmet currently unavailable)
rElec    .         Reflect  .   (cloak currently unavailable)
rCorr    .         Harm     .   (gloves currently unavailable)
MR       .....     NoTele   +   (boots currently unavailable)
Stlth    ++++......             (no amulet)
HPRegen  0.14/turn              (no ring)
MPRegen  0.09/turn              (no ring)

@: tree-form (expiring), hasted, very quick
A: nightstalker 2
a: no special abilities


You were on level 2 of the Dungeon.
You were not hungry.
You were a tree.
You visited 1 branch of the dungeon, and saw 2 of its levels.

You collected 98 gold pieces.

Inventory:

Hand Weapons
 n - a +1 short sword (weapon)
Missiles
 d - 19 arrows
 e - 51 stones
 h - 7 tomahawks (quivered)
 q - 21 bolts
 u - 3 javelins
Armour
 b - a +1 chain mail of cold resistance
 k - a +0 leather armour (melded)
 v - a +0 helmet
Wands
 a - a wand of flame (13)
Scrolls
 g - a scroll of noise {unknown}
 j - a scroll of fear {unknown}
 l - a scroll of identify {unknown}
 o - a scroll of remove curse {unknown}
 s - a scroll of amnesia {unknown}
Comestibles
 f - 3 rations
 r - 4 chunks of flesh


   Skills:
 * Level 2.5 Fighting
   Level 1.7 Long Blades
 * Level 1.6 Dodging
 * Level 0.8 Stealth
   Level 1.0 Air Magic
   Level 2.0 Poison Magic
 * Level 2.5 Evocations


You had 2 spell levels left.
You didn't know any spells.
Your spell library contained the following spells:

 Spells                   Type           Power        Failure   Level  Hunger
 Swiftness                Chrm/Air       #.......     47%         2    ###....
 Summon Butterflies       Summ           #.......     41%         1    ##.....
 Summon Guardian Golem    Hex/Summ       #.......     78%         3    ####...
 Poisonous Vapours        Pois/Air       #.....       34%         2    ###....


Dungeon Overview and Level Annotations

Branches:
Dungeon (2/15)

Altars:

Annotations:
D:2 Terence


Innate Abilities, Weirdness & Mutations

You are significantly more attuned to the shadows.


Message History

Terence is moderately wounded.
Terence barely misses you.
You hit Terence but do no damage.
Terence is moderately wounded.
Terence asks, "Do you want it fast or slow?"
Terence hits you but does no damage.
You hit Terence but do no damage.
Terence is moderately wounded.
You hit Terence.
Terence is moderately wounded.
Terence hits you but does no damage.
You closely miss Terence.
Terence is moderately wounded.
You closely miss Terence.
Terence is moderately wounded.
Terence hits you but does no damage.
You hit Terence.
Terence is severely wounded.
Terence zaps a wand.
The puff of flame hits you!
You die...

#####
###########...##
...............##
#.###.###.......##
#.#
#.##.........##
#.#
#..........†..#
#.#
####........♣.#
#.# ##.......#@#
#.# #.........##.#
#.####...###.# #
#..## #.# #....
..# .P.P ..#


You could see Terence.

Vanquished Creatures
  A dart slug (D:2)
  A leopard gecko (D:2)
  3 giant cockroaches
  2 goblins (D:1)
  2 hobgoblins (D:1)
  A ball python (D:2)
  9 bats (D:1)
  3 frilled lizards (D:1)
  4 kobolds (D:1)
  4 rats
30 creatures vanquished.

Notes
Turn   | Place    | Note
-------+----------+-------------------------------------------
     0 | D:1      | Chiseanne the Demonspawn Wanderer began the quest for the Orb.
     0 | D:1      | Chiseanne set off with: a wand of flame (15), a +0 robe, a +0 dagger, a ration
     0 | D:1      | Reached XP level 1. HP: 16/16 MP: 2/2
   380 | D:1      | Gained mutation: You are slightly more attuned to the shadows. [demonic ancestry]
   380 | D:1      | Reached XP level 2. HP: 21/22 MP: 3/3
  1688 | D:2      | Gained mutation: You are significantly more attuned to the shadows. [demonic ancestry]
  1688 | D:2      | Reached XP level 3. HP: 28/28 MP: 4/4
  1762 | D:2      | Noticed Terence
  1778 | D:2      | HP: 2/42 [Terence/wand of flame (18) (11)]
  1792 | D:2      | Killed from afar by Terence

Vault maps used:
D:1:      dpeg_arrival_three_bigger_balls, minmay_heptomino_l4
D:2:      hangedman_decor_lopped, fedhas_altar_1, uniq_terence

Action                   || total
-------------------------++-------
Melee: Dagger            ||    88
       Short sword       ||    69
Evoke: Wand              ||     2
  Use: Potion            ||     4
       Scroll            ||     1
 Stab: Sleeping          ||     7
  Eat: Chunk             ||     3
Armor: Leather armour    ||    51
       Robe              ||     6
       Skin              ||     8
Dodge: Dodged            ||   103

Table legend:
 A = Spawn XP
 B = Non-spawn XP
 C = Spawn XP percentage of total XP
 D = Spawn monster count
 E = Non-spawn monster count
 F = Spawn count percentage of total count
 G = Total turns spent on level
                    A         B        C        D         E        F      G
               +---------+---------+-------+---------+---------+-------+---------
         Total |       0 |      47 |   0.0 |       0 |      30 |   0.0 |  1792
               +---------+---------+-------+---------+---------+-------+---------
           D:1 |       0 |      34 |   0.0 |       0 |      24 |   0.0 |  1547
           D:2 |       0 |      13 |   0.0 |       0 |       6 |   0.0 |   245
               +---------+---------+-------+---------+---------+-------+---------
